 Dungeon Crawl Stone Soup version 0.30-a0-696-g2367cd04db (webtiles) character file.

Game seed: 3417975744076815401

52 omnomnOMINOUS the Grasshopper (level 3, 0/24 HPs)
             Began as an Octopode Wanderer on Jan 20, 2023.
             Slain by a gnoll
             ... wielding a +0 flail
              (8 damage)
             ... on level 2 of the Dungeon.
             The game lasted 00:02:26 (1412 turns).

omnomnOMINOUS the Grasshopper (Octopode Wanderer)   Turns: 1412, Time: 00:02:27

Health: 0/24       AC:  1    Str: 10    XL:     3   Next: 85%
Magic:  6/6        EV: 13    Int: 17    God:
Gold:   107        SH:  5    Dex: 11    Spells: 5/6 levels left

rFire   . . .      SeeInvis .    a - +0 mace
rCold   . . .      Faith    .    (no shield)
rNeg    . . .      Spirit   .    (helmet restricted)
rPois   .          Reflect  +    k - amulet of reflection
rElec   .          Harm     .    (no ring)
rCorr   .          Rampage  .    (no ring)
Will    .....                    (no ring)
Stlth   ++                       (no ring)
HPRegen 0.24/turn                (no ring)
MPRegen 0.10/turn                (no ring)
                                 (no ring)
                                 (no ring)

@: no status effects
A: almost no armour, amphibious, 8 rings, camouflage 1, gelatinous body 1,
(nimble swimmer 1), tentacles
a: no special abilities


You were on level 2 of the Dungeon.
You visited 1 branch of the dungeon, and saw 2 of its levels.

You collected 107 gold pieces.

Inventory:

Hand Weapons
 a - a +0 mace (weapon)
Missiles
 m - 3 poisoned darts
Jewellery
 k - an amulet of reflection (around mantle)
 n - a +6 ring of intelligence
Wands
 b - a wand of polymorph (7)
Scrolls
 c - a scroll of blinking
 d - 2 scrolls of teleportation {unknown}
 e - a scroll of acquirement {unknown}
 h - 2 scrolls of identify {unknown}
 j - a scroll of enchant armour {unknown}
Potions
 f - 2 potions of berserk rage {unknown}
 g - a potion of mutation {unknown}
 i - a potion of flight {unknown}
 l - a potion of attraction {unknown}
 o - a potion of curing {unknown}


   Skills:
 + Level 2.1 Fighting
 - Level 2.0 Maces & Flails
 + Level 1.7 Dodging
 + Level 2.0 Spellcasting
 - Level 4.0 Translocations
 - Level 2.1 Evocations


You had 5 spell levels left.
You knew the following spells:

 Your Spells              Type           Power      Damage    Failure   Level
a - Apportation           Tloc           30%        N/A       3%          1

Your spell library contained the following spells:

 Spells                   Type           Power      Damage    Failure   Level
 Teleport Other           Tloc           15%        N/A       11%         3
 Vhi's Electric Charge    Tloc/Air       16%        N/A       26%         3


Dungeon Overview and Level Annotations

Branches:
Dungeon (2/15)

Altars:
Dithmenos


Innate Abilities, Weirdness & Mutations

You cannot wear most types of armour.
You are amphibious.
You can wear up to eight rings at the same time.
Your skin changes colour to match your surroundings (Stealth+).
Your rubbery body absorbs attacks. (AC +1, EV +1)
((You are camouflaged when in or above water. (Stealth+)))
You have tentacles for arms and can constrict up to eight enemies at once.


Message History

You see here a rat skeleton.
A goblin comes into view. It is wielding a +0 club.
The goblin closely misses you.
You miss the goblin. You grab the goblin. You squeeze the goblin.
You kill the goblin!
No target in view!
No target in view!
No target in view!
No target in view!
No target in view!
No target in view!
No target in view!
No target in view!
Things that are here:
a +0 club; a +0 sling; a goblin corpse A gnoll is nearby!
The gnoll shouts!
You hear a shout!
The gnoll hits you with a +0 spear!
You hit the gnoll. Your grab misses the gnoll.
The gnoll is moderately wounded.
You block the gnoll's attack.
You hit the gnoll. Your grab misses the gnoll. Your squeeze misses the gnoll.
The gnoll is moderately wounded.
The gnoll hits you with a +0 spear. The gnoll barely misses you.
A gnoll comes into view. It is wielding a +0 whip.
You hit the gnoll. Your grab misses the gnoll. Your squeeze misses the gnoll.
The gnoll is moderately wounded.
You block the gnoll's attack. The gnoll attacks as you move away!
The gnoll barely misses you.
The gnoll hits you from afar with a +0 spear.
Things that are here:
a +0 club; a +0 sling; a goblin corpse You barely miss the gnoll.
Your grab misses the gnoll. You block the gnoll's attack.
You hit the gnoll. You grab the gnoll.
The gnoll is lightly wounded.
You constrict the gnoll, but do no damage.
The gnoll hits you from afar with a +0 spear.
The gnoll hits you with a +0 flail!
You die...

#.# #.#........#######.## ##.#
#.# #........#.........# #.#
#.####...#(.#....######.##
##.# #...........##.#÷# ##.##
##.## ######...#.###.#.#
##.###.## ######..†#<###.#.#
#....## ............##.#.#
#.#.## ....##...##.##.#.#
#.#.# ######...##.##.#@#
##.#.#
#....>....#g#######....##
#...##......g......)....#
#..#########.g#####.....#
#....# ##.# ##.#..# ##
#..#.#####.g......##.#..#
.#####..........##.###.##.#..#
............##. #.# #.#..#
....#.###.#.## #.# #.# .#


You could see 3 gnolls.

Vanquished Creatures
  A gnoll (D:2)
  A worm (D:2)
  4 dart slugs
  2 ball pythons (D:1)
  A bat (D:2)
  3 endoplasms
  2 giant cockroaches
  2 hobgoblins
  4 frilled lizards
  6 goblins
  4 kobolds
  2 rats
32 creatures vanquished.

Notes
Turn   | Place    | Note
-------+----------+-------------------------------------------
     0 | D:1      | omnomnOMINOUS the Octopode Wanderer began the quest for the
                  | Orb.
     0 | D:1      | omnomnOMINOUS set off with the following items: a +0 mace,
                  | a wand of polymorph (7), a scroll of blinking; and the
                  | following spell memorised: Apportation; and the following
                  | spells available to memorise: Teleport Other, Vhi's
                  | Electric Charge.
     0 | D:1      | Reached XP level 1. HP: 13/13 MP: 2/2
   143 | D:1      | Reached XP level 2. HP: 18/18 MP: 3/3
   191 | D:1      | Reached skill level 1 in Dodging
   862 | D:2      | Reached XP level 3. HP: 24/24 MP: 5/5
   943 | D:2      | Found a shadowy altar of Dithmenos.
  1412 | D:2      | Slain by a gnoll

Illustrated notes

Levels and vault maps discovered:
D:1:      sevenhm_arrival_forest_fort_large_4, layout_loops_ring
D:2:      layout_loops_ring, basic_altar

Skill      XL: |  1  2  3 |
---------------+----------+-----
Dodging        | 1 |  1.7
Fighting       | 2 |  2.1
Spellcasting   | 2 |  2.0
Maces & Flails | |  2.0
Translocations | |  4.0
Evocations     | |  2.1

Action                   || total
-------------------------++-------
Melee: Mace              ||    70
       Constrict         ||    17
       Tentacles         ||    12
 Stab: Sleeping          ||     2
Armor: Skin              ||     2
Dodge: Dodged            ||    32
Block: Other             ||     8

Table legend: (Time is in decaauts)
 A = Elapsed time spent in this place.
 B = Non-inter-level travel time spent in this place.
 C = Inter-level travel time spent in this place.
 D = Time resting spent in this place.
 E = Time spent auto-exploring this place.
 F = Levels seen in this place.
 G = Mean time per level.
                   A        B        C        D        E       F      G
               +--------+--------+--------+--------+--------+-----+--------+
         Total |   1432 |   1383 |     49 |    122 |    993 |   2 |  716.0 |
       Dungeon |   1432 |   1383 |     49 |    122 |    993 |   2 |  716.0 |
               +--------+--------+--------+--------+--------+-----+--------+

Top non-repeatable levels by time:
     D:1: 972 daAuts
     D:2: 460 daAuts
